 Dungeon Crawl Stone Soup version 0.31-a0-986-g5e6e4ef867 (webtiles) character file.

Game seed: 5151820639010187539

416 Lobster4 the Ducker (level 7, 0/50 HPs)
             Began as a Djinni Gladiator on Nov 8, 2023.
             Slain by an ogre
             ... wielding a +0 giant club
              (22 damage)
             ... on level 5 of the Dungeon.
             The game lasted 00:09:28 (4233 turns).

Lobster4 the Ducker (Djinni Gladiator)              Turns: 4233, Time: 00:09:29

Health: 0/50       AC:  5    Str: 13    XL:     7   Next: 15%
Gold:   297        EV: 14    Int: 11    God:
                   SH:  0    Dex: 21

rFire   + + .        p - +4 dagger
rCold   x . .        (no shield)
rNeg    . . .        b - +0 leather armour
rPois   ∞            c - +0 helmet
rElec   .            h - +0 cloak
rCorr   .            (no gloves)
SInv    .            (boots unavailable)
Will    .....        (no amulet)
Stlth   ++           m - +6 ring of dexterity
HPRegen 0.28/turn    (no ring)
MPRegen 0.00/turn

%: infuse magic (-1 HP)
@: about to teleport, flying
A: sickness immunity, fire resistance 2, cold vulnerability 1, float, innate
caster, HP casting, extra vitality 1
a: no special abilities


You were on level 5 of the Dungeon.
You visited 1 branch of the dungeon, and saw 5 of its levels.

You collected 297 gold pieces.

Inventory:

Hand Weapons
 a - a +0 trident
 e - a +0 shortbow
 p - a +4 dagger (weapon)
Missiles
 k - 3 poisoned darts
 o - 4 boomerangs
Armour
 b - a +0 leather armour (worn)
 c - a +0 helmet (worn)
 h - a +0 cloak (worn)
Jewellery
 m - a +6 ring of dexterity (left hand)
 q - a ring of fire
Scrolls
 l - 2 scrolls of identify
Potions
 g - 2 potions of mutation
 i - a potion of brilliance


   Skills:
 + Level 3.3 Fighting
 + Level 0.7 Short Blades
 + Level 3.3 Polearms
 + Level 2.7 Throwing
 + Level 2.4 Armour
 + Level 4.4 Dodging
 + Level 1.4 Spellcasting
 + Level 1.4 Conjurations
 + Level 1.4 Hexes
   Level 0.0 Charms
 + Level 1.4 Summonings
 + Level 1.4 Necromancy
 + Level 1.4 Translocations
 + Level 1.4 Transmutations
 + Level 1.4 Fire Magic
 + Level 1.4 Ice Magic
 + Level 1.4 Air Magic
 + Level 1.4 Earth Magic
 + Level 1.4 Poison Magic


You knew the following spells:

 Your Spells              Type           Power      Damage    Failure   Level
a - Slow                  Hex            16%        N/A       22%         1
b - Static Discharge      Conj/Air       8%         3-4/arc   32%         2
c - Call Imp              Summ           8%         N/A       32%         2
Your spell library was empty.

Dungeon Overview and Level Annotations

Branches:
Dungeon (5/15)
 Temple: D:4-7

Altars:
Hepliaklqana

Annotations:
D:5 exclusion: ice beast


Innate Abilities, Weirdness & Mutations

You are immune to sickness and miasma.
You are immune to poison.
Your flesh is very heat resistant. (rF++)
You are vulnerable to cold. (rC-)
You float through the air rather than walking.
You learn spells naturally, not from books.
Your magical power is your life essence.
You have superior vitality. (+4 MHP)


Message History

You fly upwards.
There is a stone staircase leading down here.
You start resting.
Your magical contamination has completely faded away.
You start resting.
HP restored.
You start waiting.
Done waiting.
There is a stone staircase leading down here.
You fly downwards.
There is a stone staircase leading up here.
An ogre comes into view. It is wielding a +0 giant club.
You see here a wand of charming (11).
You see here a scroll of vulnerability.
The ogre shouts!
Throw: 5 darts (poison)
Press: ? - help, Shift-Dir - straight line, f - ogre
Aim: an ogre, wielding a +0 giant club (76% to hit)
You throw a poisoned dart. The poisoned dart hits the ogre.
The ogre is poisoned.
The ogre hits you with a +0 giant club!!
Ouch! That really hurt!
Throw: 4 darts (poison)
Press: ? - help, Shift-Dir - straight line, f/p - ogre
Aim: an ogre, wielding a +0 giant club (poisoned, 76% to hit)
You throw a poisoned dart. The poisoned dart hits the ogre.
You puncture the ogre!
The ogre is moderately wounded.
The ogre hits you with a +0 giant club!
* * * LOW HITPOINT WARNING * * *
You feel much better. The ogre closely misses you.
You hit the ogre.
The ogre is heavily wounded.
You hit the ogre.
The ogre is heavily wounded.
The ogre looks more healthy.
The ogre hits you with a +0 giant club!
As you read the scroll of teleportation, it crumbles to dust.
You feel strangely unstable.
The ogre hits you with a +0 giant club!!
You die...

#..........##.#...
#.##.###..>###...#
#.##.# #...####..#
#.##.# #..........
#.##.# #.#.##.#.##
#.##.###.#........
#/##.##.....#.####
#?#.....###...#
#@#..##.# #.###
#O#..##.###...#
#.#.........#.#
#.#.##.##.#.#.####
#.#.##§#....#....#
..#.##>#.#######.#
###.##.#....#<....
#.##.####.#.####
#W##.# #.#.#


You could see an ogre.

Vanquished Creatures
  A centaur (D:5)
  A phantom (D:5)
  A hound (D:5)
  2 iguanas (D:5)
  6 adders
  A worm (D:1)
  20 orcs
  7 ball pythons
  4 bats
  4 endoplasms
  3 giant cockroaches
  3 hobgoblins
  8 jackals
  5 kobolds
  3 quokkas
  3 frilled lizards
  7 goblins
  2 rats
81 creatures vanquished.

Vanquished Creatures (collateral kills)
  An iguana (D:5)
1 creature vanquished.

Grand Total: 82 creatures vanquished

Notes
Turn   | Place    | Note
-------+----------+-------------------------------------------
     0 | D:1      | Lobster4 the Djinni Gladiator began the quest for the Orb.
     0 | D:1      | Reached XP level 1. HP: 18/18 MP: 0/0
   203 | D:1      | Reached XP level 2. HP: 23/23 MP: 0/0
   236 | D:1      | Found a faded altar of an unknown god.
   806 | D:2      | Reached XP level 3. HP: 28/28 MP: 0/0
   806 | D:2      | Learned a level 1 spell: Slow
  1560 | D:3      | Reached XP level 4. HP: 33/33 MP: 0/0
  1649 | D:3      | Reached skill level 1 in Armour
  2149 | D:3      | Found a faded altar of an unknown god.
  2441 | D:3      | Found a hazy altar of Hepliaklqana.
  2914 | D:4      | Reached XP level 5. HP: 39/39 MP: 0/0
  2914 | D:4      | Learned a level 2 spell: Static Discharge
  3300 | D:5      | Entered Level 5 of the Dungeon
  3315 | D:5      | Noticed a phantom
  3369 | D:5      | Noticed a phantom
  3431 | D:5      | Reached skill level 1 in Spellcasting
  3431 | D:5      | Reached skill level 1 in Conjurations
  3431 | D:5      | Reached skill level 1 in Hexes
  3431 | D:5      | Reached skill level 1 in Summonings
  3431 | D:5      | Reached skill level 1 in Necromancy
  3431 | D:5      | Reached skill level 1 in Translocations
  3431 | D:5      | Reached skill level 1 in Transmutations
  3431 | D:5      | Reached skill level 1 in Fire Magic
  3431 | D:5      | Reached skill level 1 in Ice Magic
  3431 | D:5      | Reached skill level 1 in Air Magic
  3431 | D:5      | Reached skill level 1 in Earth Magic
  3431 | D:5      | Reached skill level 1 in Poison Magic
  3542 | D:5      | Noticed a centaur
  3563 | D:5      | Killed a centaur
  3564 | D:5      | Reached skill level 4 in Dodging
  3564 | D:5      | Reached XP level 6. HP: 22/46 MP: 0/0
  3759 | D:5      | Reached XP level 7. HP: 26/50 MP: 0/0
  3759 | D:5      | Learned a level 2 spell: Call Imp
  4233 | D:5      | Slain by an ogre

Illustrated notes

Levels and vault maps discovered:
D:1:      minmay_arrival_loop, layout_basic,
          shapermc_ecumenical_altar_mp_vishouse, nicolae_wormholes
D:2:      layout_loops_ring
D:3:      layout_basic, nicolae_overflow_ecumenical_swirl,
          chequers_serial_rivers_micro_c, chequers_avenue,
          hangedman_decor_points
D:4:      layout_loops_ring, ebering_dispersal_statue_hall,
          eino_small_chamber_without_monster
D:5:      layout_loops_ring, st_stairs_3

Skill      XL: |  1  2  3  4  5 |
---------------+----------------+-----
Throwing       | 2 |  2.7
Armour         | 1 2 |  2.4
Spellcasting   | 1 |  1.4
Conjurations   | 1 |  1.4
Hexes          | 1 |  1.4
Summonings     | 1 |  1.4
Necromancy     | 1 |  1.4
Translocations | 1 |  1.4
Transmutations | 1 |  1.4
Fire Magic     | 1 |  1.4
Ice Magic      | 1 |  1.4
Air Magic      | 1 |  1.4
Earth Magic    | 1 |  1.4
Poison Magic   | 1 |  1.4
Fighting       | 3 |  3.3
Polearms       | 3 |  3.3
Dodging        | 4 |  4.4
Short Blades   | |  0.7

Action                     |  1- 3 |  4- 6 |  7- 9 || total
---------------------------+-------+-------+-------++-------
  Melee: Trident           |   107 |   124 |       ||   231
         Punch             |     1 |     2 |     2 ||     5
         Dagger            |       |    63 |    25 ||    88
  Throw: Dart              |       |     5 |     2 ||     7
         Throwing net      |       |     3 |     2 ||     5
         Javelin           |       |     1 |       ||     1
         Boomerang         |       |     1 |       ||     1
   Cast: Slow              |       |     1 |       ||     1
         Static Discharge  |       |     2 |       ||     2
         Call Imp          |       |       |     1 ||     1
    Use: Scroll            |     8 |     2 |     1 ||    11
         Potion            |       |     2 |     1 ||     3
   Stab: Sleeping          |     5 |     7 |     2 ||    14
 Armour: Leather armour    |    46 |    91 |    17 ||   154
         Skin              |       |    13 |       ||    13
  Dodge: Dodged            |    53 |   117 |    18 ||   188

Table legend: (Time is in decaauts)
 A = Elapsed time spent in this place.
 B = Non-inter-level travel time spent in this place.
 C = Inter-level travel time spent in this place.
 D = Time resting spent in this place.
 E = Time spent auto-exploring this place.
 F = Levels seen in this place.
 G = Mean time per level.
                   A        B        C        D        E       F      G
               +--------+--------+--------+--------+--------+-----+--------+
         Total |   4269 |   4095 |    174 |    406 |   2936 |   5 |  853.8 |
       Dungeon |   4269 |   4095 |    174 |    406 |   2936 |   5 |  853.8 |
               +--------+--------+--------+--------+--------+-----+--------+

Top non-repeatable levels by time:
     D:4: 1001 daAuts
     D:3: 973 daAuts
     D:1: 794 daAuts
     D:2: 778 daAuts
     D:5: 721 daAuts
